 Dungeon Crawl Stone Soup version 0.29-a0-314-gb00dd7cb4b (webtiles) character file.

Game seed: 8578391836253126347

3050 Essalna the Destroyer (level 9, -3/53 HPs)
             Began as a Tengu Conjurer on Mar 29, 2022.
             Was an Initiate of Gozag.
             Shot with an arrow by a centaur warrior (19 damage)
             ... on level 8 of the Dungeon.
             The game lasted 00:27:37 (9007 turns).

Essalna the Destroyer (Tengu Conjurer)              Turns: 9007, Time: 00:27:38

Health: -3/53      AC: 17    Str:  8    XL:     9   Next: 87%
Magic:  19/19      EV: 14    Int: 22    God:    Gozag
Gold:   681        SH:  0    Dex: 15    Spells: 10/20 levels left

rFire   . . .      SeeInvis .   n - +2 dagger (holy)
rCold   + . .      Faith    .   j - orb {guile}
rNeg    + . .      Spirit   .   v - +4 ring mail of Nefatsoo {rC+ rN+ Dex+2}
rPois   .          Reflect  .   w - +2 hat
rElec   .          Harm     .   u - +0 cloak
rCorr   .          Rampage  .   (no gloves)
Will    .....                   (boots unavailable)
Stlth   +.........              e - amulet of magic regeneration
HPRegen 0.17/turn               A - ring of willpower
MPRegen 0.56/turn               q - +4 ring of protection

@: gold aura, flying quickly and evasively, quick
A: beak, talons 3, nimble flight
a: Renounce Religion, Potion Petition, Call Merchant, Bribe Branch


You were on level 8 of the Dungeon.
You worshipped Gozag.
Gozag was pleased with you.
You visited 2 branches of the dungeon, and saw 9 of its levels.

You collected 809 gold pieces.
You paid 128 gold pieces to Gozag.

Inventory:

Hand Weapons
 n - a +2 dagger of holy wrath (weapon)
Armour
 a - a +0 robe
 j - an orb of guile (worn)
 p - a +0 leather armour of cold resistance
 u - a +0 cloak (worn)
 v - the +4 ring mail of Nefatsoo (worn) {rC+ rN+ Dex+2}
   (You took it off an orc on level 3 of the Dungeon)

   Dex:       It affects your dexterity (+2).
   rC:        It protects you from cold.
   rN:        It protects you from negative energy.
 w - a +2 hat (worn)
Magical Staves
 t - a staff of death
Jewellery
 e - an amulet of magic regeneration (around neck)
 l - a ring of resist corrosion
 q - a +4 ring of protection (right hand)
 A - a ring of willpower (left hand)
Wands
 z - a wand of flame (26)
Scrolls
 f - 2 scrolls of holy word
 g - 2 scrolls of fear
 o - 2 scrolls of enchant weapon
 x - a scroll of amnesia {unknown}
 y - 2 scrolls of blinking
 B - 4 scrolls of immolation {unknown}
 C - a scroll of acquirement {unknown}
 D - 2 scrolls of identify
 F - 2 scrolls of teleportation
 H - a scroll of magic mapping {unknown}
Potions
 b - 2 potions of magic
 c - a potion of invisibility
 d - 3 potions of mutation {unknown}
 h - 2 potions of attraction {unknown}
 i - 3 potions of brilliance {unknown}
 k - a potion of flight {unknown}
 m - a potion of degeneration {unknown}
 r - 2 potions of curing {unknown}
 s - a potion of haste {unknown}
 E - a potion of resistance {unknown}
 G - a potion of lignification {unknown}


   Skills:
 + Level 4.8 Fighting
 + Level 5.2 Armour
 + Level 5.8 Dodging
 - Level 2.0 Stealth
 + Level 6.4 Spellcasting
 + Level 10.2 Conjurations
 - Level 3.0 Translocations


You had 10 spell levels left.
You knew the following spells:

 Your Spells              Type           Power      Damage    Failure   Level
a - Magic Dart            Conj           100%       1d8       1%          1
b - Searing Ray           Conj           100%       2d8       1%          2
c - Swiftness             Air            7%         N/A       56%         3
d - Iskenderun's Mystic   Conj/Tloc      36%        2d9       16%         4

Your spell library contained the following spells:

 Spells                   Type           Power      Damage    Failure   Level
 Foxfire                  Conj/Fire      100%       2x1d9     3%          1
 Conjure Flame            Conj/Fire      29%        6-21      9%          3
 Dazzling Flash           Conj/Hex       58%        N/A       9%          3
 Blink                    Tloc           40%        N/A       11%         2
 Lesser Beckoning         Tloc           20%        N/A       21%         3
 Animate Skeleton         Necr           14%        N/A       24%         1
 Beastly Appendage        Tmut           14%        N/A       24%         1
 Pain                     Necr           28%        1d5       24%         1
 Flame Wave               Conj/Fire      29%        2d8       28%         4
 Fulminant Prism          Conj/Hex       14%        3d9       28%         4
 Ensorcelled Hibernation  Hex/Ice        14%        N/A       34%         2
 Passwall                 Tmut/Erth      5%         N/A       34%         2
 Wereblood                Tmut           7%         N/A       34%         2
 Inner Flame              Hex/Fire       7%         N/A       56%         3
 Spider Form              Tmut/Pois      7%         N/A       56%         3
 Vampiric Draining        Necr           7%         2d6       56%         3
 Manifold Assault         Tloc           20%        N/A       88%         5


Dungeon Overview and Level Annotations

Branches:
Dungeon (8/15)             Temple (1/1) D:5
   Lair: D:8-11

Altars:
Ashenzari
Cheibriados
Dithmenos
Elyvilon
Fedhas
Gozag
Hepliaklqana
Kikubaaqudgha
Makhleb
Nemelex Xobeh
Okawaru
Qazlal
Ru
Sif Muna
Trog
Uskayaw
Vehumet
Wu Jian
Xom
Yredelemnul
Zin
The Shining One
Beogh


Innate Abilities, Weirdness & Mutations

You have a beak for a mouth.
You have claws for feet.
Your magical nature lets you fly swiftly and evasively.


Message History

The searing ray hits the orc warrior.
The orc warrior is almost dead. (Press . to maintain the ray.)
The orc warrior closely misses you.
The searing ray hits the orc warrior!
You kill the orc warrior!
Unknown command.
Magic restored.
HP restored.
Found a dagger.
You now have 674 gold pieces (gained 7).
There is an open door here.
Things that are here:
a +0 short sword; a +1 plate armour of positive energy You reach down and open the door.
A jelly comes into view.
Found a scroll of enchant weapon.
The magic dart hits the jelly.
The jelly is moderately wounded.
The jelly quivers.
The magic dart hits the jelly!
The jelly is severely wounded.
The magic dart hits the jelly.
The jelly is almost dead.
The magic dart hits the jelly.
You kill the jelly!
You can't see any susceptible monsters within range! (Use Z to cast anyway.)
You now have 681 gold pieces (gained 7).
There is an open door here.
Found 4 boomerangs.
o - 2 scrolls of enchant weapon (gained 1)
You reach down and open the door.
A centaur warrior comes into view.
The centaur warrior shouts!
The centaur warrior wields a +0 vorpal shortbow.
The centaur warrior shoots an arrow.
The arrow hits you!
The centaur warrior shoots an arrow.
The arrow hits you!
The centaur warrior shoots an arrow.
The arrow hits you!!
You die...
Your body crumbles into a pile of gold.

#.# ##. # ##.## #)# #
##...## ##+##$# ## #
#.....####8..#(+ .. $
####.......)...#$# .
.####..###.##'##?##+#
.......# #..#.8# #8.#
.####..# #.##..###..#
## #......###..@.c# #
#.###### ####### #.#
#.# #.# ...


You could see a centaur warrior.

Vanquished Creatures
  Sigmund (D:2)
  A wraith (D:7)
  Menkaure (D:7)
  A black bear (D:7)
  3 sky beasts
  Pargi (D:3)
  An ice beast (D:6)
  An orc warrior (D:8)
  A centaur (D:6)
  3 ogres
  A phantom (D:5)
  Blork the orc (D:4)
  A necrophage (D:4)
  A scorpion (D:4)
  The ghost of martbhell the Chopper, a weakling MiBe of Trog (D:3)
  5 killer bees (D:6)
  A howler monkey (D:5)
  2 jellies
  8 hounds
  Crazy Yiuf (D:3)
  A gnoll shaman (D:6)
  3 orc priests
  2 iguanas (D:5)
  Terence (D:3)
  Natasha (thrice) (D:2)
  4 orc wizards
  Robin (D:2)
  10 adders
  5 gnolls
  2 shadow imps
  2 white imps
  An ufetubus (D:4)
  3 worms (D:2)
  4 dart slugs
  36 orcs
  12 ball pythons
  8 endoplasms
  3 giant cockroaches
  8 hobgoblins
  4 jackals (D:1)
  10 kobolds
  5 quokkas
  9 bats
  4 frilled lizards
  17 goblins
  9 rats
203 creatures vanquished.

Vanquished Creatures (others)
  2 plants (D:1)
2 creatures vanquished.

Grand Total: 205 creatures vanquished

Notes
Turn   | Place    | Note
-------+----------+-------------------------------------------
     0 | D:1      | Essalna the Tengu Conjurer began the quest for the Orb.
     0 | D:1      | Reached XP level 1. HP: 10/10 MP: 4/4
   104 | D:1      | Reached XP level 2. HP: 15/15 MP: 3/6
   753 | D:1      | Reached XP level 3. HP: 19/19 MP: 3/7
   812 | D:1      | Reached skill level 6 in Conjurations
   993 | D:1      | Learned a level 2 spell: Searing Ray
  1368 | D:1      | Found a faded altar of an unknown god.
  1455 | D:1      | Reached XP level 4. HP: 24/24 MP: 5/9
  2168 | D:2      | Noticed Natasha
  2173 | D:2      | Killed Natasha
  2174 | D:2      | Gained mutation: Your magical nature lets you fly swiftly
                  | and evasively. [Tengu growth]
  2174 | D:2      | Reached XP level 5. HP: 28/28 MP: 5/11
  2255 | D:2      | Noticed Sigmund
  2261 | D:2      | Killed Sigmund
  2262 | D:2      | Reached skill level 7 in Conjurations
  2262 | D:2      | Reached XP level 6. HP: 32/32 MP: 6/13
  2385 | D:2      | Noticed Robin
  2559 | D:2      | Killed Robin
  2634 | D:2      | Noticed Natasha
  2638 | D:2      | Killed Natasha
  2927 | D:2      | Noticed Natasha
  2930 | D:2      | Killed Natasha
  2931 | D:2      | Reached skill level 8 in Conjurations
  3459 | D:3      | Reached skill level 1 in Armour
  3608 | D:3      | Noticed Pargi
  3614 | D:3      | Killed Pargi
  3615 | D:3      | Reached skill level 1 in Fighting
  3615 | D:3      | Reached XP level 7. HP: 38/38 MP: 6/15
  3948 | D:3      | Learned a level 3 spell: Swiftness
  4080 | D:3      | Found a runed translucent gate.
  4081 | D:3      | Found a runed translucent gate.
  4083 | D:3      | Found a runed translucent gate.
  4085 | D:3      | Noticed martbhell's ghost (weakling MiBe)
  4086 | D:3      | Identified the +3 hunting sling "Jaeth" {venom, rC+ rN+
                  | Dex-2}
  4086 | D:3      | Identified the +4 ring mail of Nefatsoo {rC+ rN+ Dex+2}
  4244 | D:3      | Noticed Terence
  4255 | D:3      | Killed Terence
  4369 | D:3      | Found a runed translucent door.
  4370 | D:3      | Noticed Crazy Yiuf
  4378 | D:3      | Killed Crazy Yiuf
  4706 | D:3      | Killed martbhell's ghost
  5036 | D:4      | Noticed Blork the orc
  5103 | D:4      | Reached skill level 5 in Spellcasting
  5368 | D:4      | Reached XP level 8. HP: 26/45 MP: 7/16
  5500 | D:4      | Learned a level 4 spell: Iskenderun's Mystic Blast
  5582 | D:4      | Killed Blork the orc
  6139 | D:5      | Entered Level 5 of the Dungeon
  6233 | D:5      | Reached skill level 9 in Conjurations
  6419 | D:5      | Reached skill level 1 in Translocations
  6846 | D:5      | Found a staircase to the Ecumenical Temple.
  6858 | Temple   | Entered the Ecumenical Temple
  7057 | Temple   | Became a worshipper of Gozag Ym Sagoz the Greedy
  7125 | D:5      | Found a shimmering blue altar of Sif Muna.
  7252 | D:6      | Reached XP level 9. HP: 42/51 MP: 8/18
  7391 | D:6      | Reached skill level 5 in Dodging
  8308 | D:7      | Found a blossoming altar of Fedhas.
  8346 | D:7      | Reached skill level 10 in Conjurations
  8432 | D:7      | Reached skill level 5 in Armour
  8510 | D:7      | Found a basalt altar of Yredelemnul.
  8732 | D:7      | Noticed Menkaure
  8741 | D:7      | Killed Menkaure
  8990 | D:8      | Noticed a cyclops
  9006 | D:8      | Noticed a centaur warrior
  9007 | D:8      | Shot with an arrow by a centaur warrior

Illustrated notes

Levels and vault maps discovered:
D:1:      nagdon_arrival_zigzag_paths, layout_basic,
          hellmonk_ecumenical_altar_defaced_shrine, serial_forest,
          infiniplex_forest_lined_2, infiniplex_forest_lined_room_,
          infiniplex_forest_split, infiniplex_forest_straight_2,
          infiniplex_forest_straight_3, infiniplex_forest_straight_2,
          infiniplex_forest_3_way, infiniplex_forest_lined_3, minmay_vboxes
D:2:      layout_basic, minmay_tetromino_i4, uniq_sigmund, uniq_natasha,
          uniq_robin
D:3:      layout_loops_ring, biasface_ghost_orc_armoury, minmay_statues_item,
          uniq_terence, uniq_crazy_yiuf_cottage, uniq_pargi
D:4:      layout_loops_cross, chequers_ossuary_entry_cave, minmay_cupped,
          uniq_blork_the_orc
D:5:      layout_cave_pools, kennysheep_mini_moat,
          minmay_temple_entry_statues_fountains
D:6:      layout_basic
D:7:      layout_rooms, chequers_temple_overflow_statue_of_worship,
          uniq_menkaure
D:8:      minmay_chambers_of_sixes, layout_loops_corners,
          nicolae_elevator_lobby_plus
Temple:   mainiacjoe_temple_bowtie_tessellation

Skill      XL: |  1  2  3  4  5  6  7  8  9 |
---------------+----------------------------+-----
Conjurations   | 6 7 8 9 10 | 10.2
Spellcasting   | 3 4 5 6 |  6.4
Armour         | 1 2 3 5 |  5.2
Fighting       | 1 2 3 4 |  4.8
Dodging        | 3 4 5 |  5.8
Translocations | 1 3 |  3.0
Stealth        | |  2.0

Action                   |  1- 3 |  4- 6 |  7- 9 || total
-------------------------+-------+-------+-------++-------
Melee: Dagger            |       |       |    24 ||    24
       Kick              |       |       |     5 ||     5
       Peck              |       |       |     5 ||     5
 Cast: Magic Dart        |    78 |    87 |   257 ||   422
       Searing Ray       |       |     4 |    41 ||    45
       Iskenderun's Myst |       |       |     1 ||     1
  Use: Scroll            |       |       |     8 ||     8
 Stab: Sleeping          |       |       |     1 ||     1
Armor: Robe              |       |     2 |    17 ||    19
       Ring mail         |       |       |    48 ||    48
Dodge: Dodged            |     4 |     6 |   100 ||   110

Table legend: (Time is in decaauts)
 A = Elapsed time spent in this place.
 B = Non-inter-level travel time spent in this place.
 C = Inter-level travel time spent in this place.
 D = Time resting spent in this place.
 E = Time spent auto-exploring this place.
 F = Levels seen in this place.
 G = Mean time per level.
                   A        B        C        D        E       F      G
               +--------+--------+--------+--------+--------+-----+--------+
         Total |   8596 |   8194 |    402 |      0 |   6867 |   9 |  955.1 |
       Dungeon |   8406 |   8021 |    385 |      0 |   6709 |   8 | 1050.8 |
        Temple |    189 |    172 |     17 |      0 |    158 |   1 |  189.0 |
               +--------+--------+--------+--------+--------+-----+--------+

Top non-repeatable levels by time:
     D:1: 1722 daAuts
     D:2: 1669 daAuts
     D:3: 1366 daAuts
     D:4: 1148 daAuts
     D:6: 1027 daAuts
     D:5: 820 daAuts
     D:7: 466 daAuts
  Temple: 189 daAuts
     D:8: 186 daAuts
